 Dungeon Crawl Stone Soup version 0.31-a0-237-g2d982f9f85 (webtiles) character file.

Game seed: 11283857126964724047

483 qw the Shooter (level 7, -3/41 HPs)
             Began as a Gargoyle Hexslinger on July 10, 2023.
             Slain by Eustachio
             ... wielding a +4 falchion
              (4 damage)
             ... on level 4 of the Dungeon.
             The game lasted 00:01:07 (3023 turns).

qw the Shooter (Gargoyle Hexslinger)                Turns: 3023, Time: 00:01:07

Health: -3/41      AC: 11    Str: 20    XL:     7   Next: 12%
Magic:  8/8        EV: 11    Int: 13    God:
Gold:   225        SH:  0    Dex: 14    Spells: 7/8 levels left

rFire   . . .        Y - +1 sling
rCold   + . .        (no shield)
rNeg    + . .        c - +0 ring mail of Woib {rPois rCorr Str+8 Stlth-}
rPois   inf          (no helmet)
rElec   +            (no cloak)
rCorr   +            m - +0 pair of gloves
SInv    .            (no boots)
Will    .....        (no amulet) Stlth
                     d - +4 ring of slaying {mikee}
HPRegen 0.26/turn    i - ring of protection from cold
MPRegen 0.11/turn

%: no passive effects
@: about to teleport
A: sickness immunity, AC +4, negative energy resistance 1, electricity
resistance, torment resistance 1, petrification resistance
a: no special abilities


You were on level 4 of the Dungeon.
You visited 1 branch of the dungeon, and saw 4 of its levels.

You collected 225 gold pieces.


Innate Abilities, Weirdness & Mutations

You are immune to sickness and miasma.
Your stone body is resilient. (AC +4)
You are immune to poison.
You resist negative energy. (rN+)
You are resistant to electric shocks. (rElec)
You are resistant to unholy torment.
You are immune to petrification.


   Skills:
 + Level 3.0 Fighting
 - Level 6.2 Ranged Weapons
 - Level 3.0 Armour
 - Level 1.5 Dodging
 - Level 1.0 Spellcasting
 - Level 2.6 Hexes


You had 7 spell levels left.
You knew the following spells:

 Your Spells              Type           Power      Damage    Failure   Level
a - Slow                  Hex            28%        N/A       16%         1

Your spell library contained the following spells:

 Spells                   Type           Power      Damage    Failure   Level
 Inner Flame              Hex/Fire       4%         N/A       63%         3
 Portal Projectile        Hex/Tloc       8%         N/A       63%         3
 Cause Fear               Hex            3%         N/A       83%         4

Inventory:

Hand Weapons
 Y - a +1 sling (weapon)
Armour
 c - the +0 ring mail of Woib (worn) {rPois rCorr Str+8 Stlth-}
   (You found it on level 3 of the Dungeon)

   Str:       It affects your strength (+8).
   rPois:     It protects you from poison.
   rCorr:     It protects you from acid and corrosion.
   Stlth:     It makes you less stealthy.
 m - a +0 pair of gloves (worn)
Jewellery
 d - a +4 ring of slaying (left hand) {mikee}
 e - a +6 ring of dexterity
 i - a ring of protection from cold (right hand)
Scrolls
 b - a scroll of identify
Potions
 a - 2 potions of mutation
 f - a potion of enlightenment {unknown}
 g - 2 potions of curing
 j - a potion of cancellation {unknown}
 k - a potion of heal wounds {unknown}

Dungeon Overview and Level Annotations

Branches:
Dungeon (4/15)
 Temple: D:4-7

Altars:
Cheibriados
Elyvilon
Fedhas
Makhleb
Uskayaw
Yredelemnul

Annotations:
D:4 Eustachio


Message History

You shoot a sling bullet. The sling bullet hits the ufetubus!
You kill the ufetubus!
The ufetubus disappears in a puff of smoke!
The rat bites you but does no damage.
The rat twitches its whiskers.
You shoot a sling bullet.
The sling bullet barely misses Eustachio.
Eustachio hits you with a +4 falchion. The rat misses you.
Eustachio barely misses you.
You shoot a sling bullet.
The sling bullet closely misses Eustachio.
Eustachio hits you with a +4 falchion. The rat bites you but does no damage.
You shoot a sling bullet. The sling bullet hits Eustachio.
Eustachio is almost dead.
The rat barely misses you. Eustachio hits you with a +4 falchion.
The rat bites you. The rat barely misses you.
You shoot a sling bullet.
The sling bullet closely misses Eustachio.
Eustachio barely misses you. The rat bites you. The rat barely misses you.
You shoot a sling bullet.
The sling bullet closely misses Eustachio.
Eustachio gestures wildly while chanting.
The rat barely misses you. The rat misses you.
You shoot a sling bullet.
The sling bullet hits Eustachio but does no damage.
Eustachio is almost dead.
Eustachio hits you with a +4 falchion! The rat closely misses you.
The rat bites you but does no damage.
3022 ||| READING scroll of teleportation.
As you read the scroll of teleportation, it crumbles to dust.
You feel strangely unstable. The rat bites you but does no damage.
Eustachio hits you with a +4 falchion. The rat bites you but does no damage.
You shoot a sling bullet.
The sling bullet closely misses Eustachio.
The sling bullet hits the rat!
You kill the rat!
The rat's corpse disappears in a puff of smoke!
Eustachio hits you with a +4 falchion.
You die...

.........###....
.........'......
.........###....
#.......## .####
##.....## ##...#
##...## ....#
##)## .ยค. #.# #@#
#.###########@#
####.#.........rr#
.......###########
.......####
##........#
##.....##.#
##.#.#.##.#
##........#
.....<.####


You could see Eustachio and 2 rats.

Vanquished Creatures
  An ice beast (D:4)
  A black bear (D:4)
  An ogre (D:4)
  2 orc priests (D:4)
  An iguana (D:4)
  An orc wizard (D:4)
  2 adders
  2 worms
  3 dart slugs
  7 orcs
  5 bats
  9 endoplasms
  3 giant cockroaches
  5 goblins
  9 hobgoblins
  9 kobolds
  4 quokkas
  5 ball pythons
  5 frilled lizards
  4 rats
79 creatures vanquished.

Notes
Turn   | Place    | Note
-------+----------+-------------------------------------------
     0 | D:1      | qw the Gargoyle Hexslinger began the quest for the Orb.
     0 | D:1      | Reached XP level 1. HP: 12/12 MP: 2/2
     0 | D:1      | 0 ||| qw: Version: 0.3-a-52-g30416fa
     0 | D:1      | 0 ||| qw: Game counter: 4982
     0 | D:1      | 0 ||| qw: Melee chars always use a shield: true
     0 | D:1      | 0 ||| qw: God list: Okawaru
     0 | D:1      | 0 ||| qw: Allow faded altars: false
     0 | D:1      | 0 ||| qw: Do Orc after clearing Dungeon:15 true
     0 | D:1      | 0 ||| qw: Do second Lair branch before Depths: true
     0 | D:1      | 0 ||| qw: Lair rune preference: random
     0 | D:1      | 0 ||| qw: Goals: Normal
     0 | D:1      | 0 ||| PLANNING D:1-11
    67 | D:1      | Reached XP level 2. HP: 16/16 MP: 3/3
   164 | D:1      | Reached skill level 3 in Ranged Weapons
   238 | D:1      | Reached XP level 3. HP: 21/21 MP: 4/4
   755 | D:1      | 755 ||| UPGRADING to +4 ring of slaying {mikee}.
   756 | D:1      | 756 ||| READING scroll labelled DIRPHE XID ZOA.
   757 | D:1      | 757 ||| DRINKING 2 fizzy golden potions.
   758 | D:1      | 758 ||| DROPPING scroll of poison.
   759 | D:1      | 759 ||| DROPPING potion of brilliance.
  1086 | D:2      | Reached XP level 4. HP: 26/26 MP: 5/5
  1345 | D:2      | 1345 ||| UPGRADING to +0 leather armour.
  1355 | D:2      | 1355 ||| DROPPING +0 robe.
  1356 | D:2      | 1356 ||| UPGRADING to ring of protection from cold.
  1357 | D:2      | 1357 ||| READING scroll labelled NOTENARRUGEMM.
  1358 | D:2      | 1358 ||| READING scroll labelled IFE REPIDD.
  1430 | D:3      | Reached skill level 4 in Ranged Weapons
  1494 | D:3      | Found a blossoming altar of Fedhas.
  1494 | D:3      | Found a burning altar of Makhleb.
  1494 | D:3      | Found a hide-covered altar of Uskayaw.
  1494 | D:3      | Found a snail-covered altar of Cheibriados.
  1497 | D:3      | Identified the +0 ring mail of Woib {rPois rCorr Str+8
                  | Stlth-}
  1501 | D:3      | Found a white marble altar of Elyvilon.
  1501 | D:3      | Found a basalt altar of Yredelemnul.
  2191 | D:3      | 2191 ||| UPGRADING to +0 ring mail of Woib {rPois rCorr
                  | Str+8 Stlth-}.
  2201 | D:3      | 2201 ||| DROPPING +0 leather armour.
  2202 | D:3      | 2202 ||| UPGRADING to +0 pair of gloves.
  2207 | D:3      | 2207 ||| READING scroll labelled EGGICOTIWN.
  2208 | D:3      | 2208 ||| DRINKING 2 ruby potions.
  2240 | D:3      | 2240 ||| DRINKING 3 cyan potions.
  2241 | D:3      | 2241 ||| READING 2 scrolls of identify.
  2241 | D:3      | 2241 ||| IDENTIFYING lumpy orange potion
  2242 | D:3      | 2242 ||| DROPPING potion of lignification.
  2299 | D:4      | Noticed an ogre
  2307 | D:4      | Killed an ogre
  2308 | D:4      | Reached skill level 3 in Armour
  2308 | D:4      | Reached XP level 5. HP: 30/30 MP: 6/6
  2450 | D:4      | Noticed a black bear
  2457 | D:4      | Killed a black bear
  2458 | D:4      | Reached skill level 5 in Ranged Weapons
  2458 | D:4      | Reached XP level 6. HP: 26/35 MP: 7/7
  2740 | D:4      | Reached skill level 3 in Fighting
  2827 | D:4      | Noticed an ice beast
  2842 | D:4      | Killed an ice beast
  2843 | D:4      | Reached skill level 6 in Ranged Weapons
  2843 | D:4      | Reached XP level 7. HP: 34/41 MP: 8/8
  2989 | D:4      | Noticed Eustachio
  3021 | D:4      | HP: 6/41 [Eustachio/+4 falchion (8)]
  3022 | D:4      | 3022 ||| READING scroll of teleportation.
  3022 | D:4      | HP: 1/41 [Eustachio/+4 falchion (6)]
  3023 | D:4      | Slain by Eustachio

Levels and vault maps discovered:
D:1:      matt_arrival_refuge, layout_loops_ring
D:2:      layout_loops_ring, minmay_misc_feat_tiny
D:3:      layout_loops_corners, minmay_overflow_temple_hex
D:4:      layout_loops_corners, uniq_eustachio

Skill      XL: |  1  2  3  4  5  6 |
---------------+-------------------+-----
Ranged Weapons | 3 4 5 6 |  6.2
Fighting       | 2 3 |  3.0
Armour         | 3 |  3.0
Dodging        | |  1.5
Spellcasting   | |  1.0
Hexes          | |  2.6

Action                     |  1- 3 |  4- 6 |  7- 9 || total
---------------------------+-------+-------+-------++-------
   Fire: Sling             |    96 |   122 |    35 ||   253
    Use: Scroll            |     1 |     4 |     1 ||     6
         Potion            |     1 |     2 |       ||     3
 Armour: Robe              |    12 |       |       ||    12
         Leather armour    |       |     3 |       ||     3
         Ring mail         |       |    20 |    24 ||    44
  Dodge: Dodged            |    19 |    35 |    26 ||    80

Table legend:
 A = Non-vault XP
 B = Vault XP
 C = Vault XP percentage of total XP
 D = Non-vault monster count
 E = Vault monster count
 F = Vault count percentage of total count
                 A         B        C        D         E       F
            +---------+---------+-------+---------+---------+-------
      Total |     691 |       0 |   0.0 |      79 |       0 |   0.0
            +---------+---------+-------+---------+---------+-------
        D:1 |      57 |       0 |   0.0 |      30 |       0 |   0.0
        D:2 |      27 |       0 |   0.0 |       8 |       0 |   0.0
        D:3 |      52 |       0 |   0.0 |      22 |       0 |   0.0
        D:4 |     555 |       0 |   0.0 |      19 |       0 |   0.0
            +---------+---------+-------+---------+---------+-------
